 Dungeon Crawl Stone Soup version 0.22.0 (webtiles) character file.

5585 Blackhawk the Fighter (level 10, -11/91 HPs)
             Began as a Grey Draconian Monk on Nov 3, 2018.
             Was a Priest of Okawaru.
             Killed from afar by a hell hound (19 damage)
             ... with a blast of flame
             ... on level 9 of the Dungeon.
             The game lasted 00:18:43 (12143 turns).

Blackhawk the Fighter (Grey Draconian Monk)        Turns: 12143, Time: 00:18:44

Health: -11/91     AC: 13    Str: 14    XL:     10   Next: 45%
Magic:  10/10      EV: 17    Int: 11    God:    Okawaru [***...]
Gold:   273        SH:  0    Dex: 16    Spells: 9/9 levels left

rFire    . . .     SeeInvis .   r - +1 whip (elec)
rCold    . . .     Gourm    .   (no shield)
rNeg     . . .     Faith    .   (armour unavailable)
rPois    .         Spirit   .   (helmet restricted)
rElec    .         Reflect  .   (no cloak)
rCorr    .         Harm     .   (no gloves)
MR       .....                  B - +0 pair of boots
Stlth    +++.......             (no amulet)
HPRegen  0.25/turn              (no ring)
MPRegen  0.12/turn              (no ring)

@: no status effects
A: walk through water, unfitting armour, unbreathing, cold-blooded, AC +12
a: Heroism, Renounce Religion


You were on level 9 of the Dungeon.
You worshipped Okawaru.
Okawaru was most pleased with you.
You were not hungry.

You visited 2 branches of the dungeon, and saw 11 of its levels.

You collected 431 gold pieces.
You spent 158 gold pieces at shops.

Inventory:

Hand Weapons
 a - a +0 spear
 m - a cursed +0 hunting sling
 r - a +1 whip of electrocution (weapon)
 s - a +0 hand crossbow
 D - a +2 shortbow of flaming
 M - a +4 spear
Missiles
 q - 34 sling bullets
 t - 40 bolts
 E - 85 arrows
Armour
 B - a +0 pair of boots (worn)
Jewellery
 j - an uncursed amulet of guardian spirit {unknown}
 v - a +6 ring of dexterity
 F - an uncursed amulet of faith {unknown}
 I - the ring "Rilem" {rPois MR+ Int+4, unknown}
   (You found it on level 7 of the Dungeon)

   [ring of poison resistance]

   It affects your intelligence (+4).
   It protects you from poison.
   It affects your resistance to hostile enchantments.
Wands
 w - a wand of digging (16)
 y - a wand of iceblast (7)
 z - a wand of scattershot (3)
 A - a wand of disintegration (16)
 H - a wand of polymorph (11)
 L - a wand of paralysis (11)
Scrolls
 d - 12 scrolls of identify
 e - 5 scrolls of teleportation {unknown}
 g - a scroll of enchant armour {unknown}
 h - 4 scrolls of magic mapping {unknown}
 i - 2 scrolls of immolation {unknown}
 k - 3 scrolls of enchant weapon {unknown}
 l - 3 scrolls of fog {unknown}
 n - 4 scrolls of amnesia {unknown}
 G - 2 scrolls of remove curse
 K - a scroll of random uselessness {unknown}
 O - a scroll of silence {unknown}
Potions
 c - 2 potions of flight {unknown}
 f - 2 potions of might {unknown}
 o - 4 potions of lignification {unknown}
 p - a potion of heal wounds
 u - 2 potions of curing
 x - a potion of resistance {unknown}
 C - 2 potions of brilliance {unknown}
 J - a potion of ambrosia {unknown}
 N - a potion of haste {unknown}
Comestibles
 b - 12 rations


   Skills:
 + Level 9.2 Fighting
 + Level 8.5 Polearms
 + Level 4.6 Bows
 + Level 7.7 Dodging
 - Level 6.0 Stealth


You had 9 spell levels left.
You didn't know any spells.
Your spell library contained the following spells:

 Spells                   Type           Power        Failure   Level  Hunger
 Summon Demon             Summ           #.........   100%        5    ######.
 Recall                   Summ/Tloc      N/A          71%         3    ####...
 Shadow Creatures         Summ           N/A          100%        6    #######
 Aura of Abjuration       Summ           #.........   100%        5    ######.
 Summon Forest            Summ/Tloc      #.........   100%        5    ######.
 Summon Mana Viper        Hex/Summ       #.......     100%        5    ######.


Dungeon Overview and Level Annotations

Branches:
Dungeon (10/15)            Temple (1/1) D:7            Lair (0/6) D:9
    Orc: D:9-12

Altars:
Ashenzari
Dithmenos
Elyvilon
Gozag
Hepliaklqana
Kikubaaqudgha
Okawaru
Qazlal
Ru
Sif Muna
Trog
Uskayaw
Vehumet
Wu Jian
Xom
Yredelemnul
Zin
The Shining One

Shops:
D:4 !   D:9 ?

Annotations:
D:4 2 transporters, AymanAU's ghost, amateur KoBe
D:9 exclusion: hell hound


Innate Abilities, Weirdness & Mutations

You can walk through water.
Your dull iron-grey scales are very hard. (AC +12)
You cannot fit into any form of body armour.
You can survive without breathing.
You are cold-blooded and may be slowed by cold attacks.


Message History

Okawaru is honoured by your kill.
Your life force feels restored.
The burst of metal fragments hits the hell hound. x2
The hell hound is moderately wounded.
You hit the hell hound but do no damage.
Your tail-slap misses the hell hound.
The hell hound is moderately wounded.
The hell hound closely misses you. The hell hound bites you.
* * * LOW HITPOINT WARNING * * *
You hit the hell hound.
You tail-slap the hell hound, but do no damage.
The hell hound is moderately wounded.
The hell hound bites you but does no damage.
You hit the hell hound but do no damage.
Lightning courses through the hell hound!
You tail-slap the hell hound, but do no damage.
The hell hound is almost dead.
The hell hound breathes flames at you. The blast of flame hits you!
You die...

........##.......#.# #...........
#........#.#...###.###.##.#######
#........#.#...# #.....##.# #
#........#....## ###.####.#######
...#.##..###..### #.# #......##
...#.##.........####.## ######.##
####.##.##.......##...# #.##
.....##....#####....>.# #.##
##########.# #@##...# #.## #.#
#h###.## ####.## # #.# #[).#.#
##...... ######## #.#####>#.#.#
##...#.## .......#
#...........####......# ######.#
#.#......#.........##### #
#.###.#..###....####..######
#........####.#.# ####.._..
#####.#.........# #.≈(.(≈


You could see a hell hound.

Vanquished Creatures
  2 trolls (D:9)
  Sigmund (D:5)
  A wyvern (D:8)
  A human (D:7)
  2 hogs (D:7)
  2 yaks (D:7)
  Duvessa (D:7)
  An orc warrior (D:8)
  3 sky beasts
  An ice beast (D:7)
  5 phantoms
  5 ogres
  4 centaurs
  2 bullfrogs (D:6)
  A wyvern zombie (D:6)
  A gnoll sergeant (D:9)
  Dowan (D:7)
  A scorpion (D:7)
  6 killer bees (D:9)
  8 wights
  5 crimson imps
  2 howler monkeys
  A quasit (D:6)
  A centaur skeleton (D:5)
  3 hounds
  3 jellies
  3 orc priests
  4 iguanas
  8 orc wizards
  7 worker ants
  A hound skeleton (D:4)
  2 worker ant zombies
  12 adders
  12 gnolls
  5 shadow imps
  An ooze (D:2)
  An adder zombie (D:8)
  3 worms
  2 dart slugs (D:1)
  2 leopard geckos
  26 orcs
  5 giant cockroaches
  8 goblins
  13 hobgoblins
  11 jackals
  12 kobolds
  5 quokkas
  A ball python (D:3)
  5 bats
  7 frilled lizards
  A leopard gecko skeleton (D:9)
  8 rats
  A spectral orc (D:4)
230 creatures vanquished.

Notes
Turn   | Place    | Note
-------+----------+-------------------------------------------
     0 | D:1      | Blackhawk the Draconian Monk began the quest for the Orb.
     0 | D:1      | Reached XP level 1. HP: 19/19 MP: 1/1
   475 | D:1      | Reached XP level 2. HP: 26/26 MP: 2/2
  1212 | D:2      | Reached XP level 3. HP: 19/33 MP: 3/3
  2043 | D:2      | Reached skill level 4 in Fighting
  2043 | D:2      | Reached XP level 4. HP: 32/40 MP: 4/4
  2568 | D:3      | Reached XP level 5. HP: 45/46 MP: 5/5
  2756 | D:3      | Found a glowing silver altar of Zin.
  3562 | D:3      | Found a sacrificial altar of Ru.
  3888 | D:4      | Reached XP level 6. HP: 53/53 MP: 6/6
  4081 | D:4      | Found a transporter.
  4091 | D:4      | Found a radiant altar of Vehumet.
  4117 | D:4      | Reached skill level 5 in Fighting
  4151 | D:4      | Your scales start taking on a dull iron-grey colour.
  4151 | D:4      | Reached XP level 7. HP: 53/61 MP: 7/7
  4151 | D:4      | Gained mutation: You can survive without breathing. [Grey Draconian growth]
  4354 | D:4      | Found an opulent altar of Gozag.
  4368 | D:4      | Noticed AymanAU's ghost (amateur KoBe)
  4455 | D:4      | Found Huippip's Distillery.
  4456 | D:4      | Found an ancient bone altar of Kikubaaqudgha.
  4474 | D:4      | Bought a potion of curing for 33 gold pieces
  4474 | D:4      | Bought a potion of heal wounds for 55 gold pieces
  4580 | D:4      | Found a basalt altar of Yredelemnul.
  4620 | D:4      | Found a transporter.
  4708 | D:5      | Entered Level 5 of the Dungeon
  4849 | D:5      | Reached skill level 5 in Polearms
  5008 | D:5      | Noticed Sigmund
  5020 | D:5      | Killed Sigmund
  5146 | D:5      | Found a white marble altar of Elyvilon.
  5175 | D:5      | Reached skill level 6 in Fighting
  5413 | D:5      | Reached skill level 5 in Dodging
  5413 | D:5      | Reached XP level 8. HP: 58/70 MP: 8/8
  5504 | D:5      | Reached skill level 5 in Stealth
  6578 | D:6      | Found a hide-covered altar of Uskayaw.
  6874 | D:6      | Reached skill level 7 in Fighting
  7764 | D:7      | Reached XP level 9. HP: 62/79 MP: 9/9
  7849 | D:7      | Reached skill level 1 in Bows
  8199 | D:7      | Got a sparkling marble ring
  8280 | D:7      | Found a staircase to the Ecumenical Temple.
  8281 | D:7      | Noticed Duvessa
  8281 | D:7      | Noticed Dowan
  8298 | D:7      | Killed Duvessa
  8298 | D:7      | Reached skill level 8 in Fighting
  8305 | D:7      | Killed Dowan
  8314 | Temple   | Entered the Ecumenical Temple
  8371 | Temple   | Became a worshipper of Warmaster Okawaru
  8371 | Temple   | Reached * piety under Okawaru
  8371 | Temple   | Reached ** piety under Okawaru
  9669 | D:8      | Reached XP level 10. HP: 78/90 MP: 10/10
  9985 | D:9      | Found a staircase to the Lair.
 10101 | D:9      | Found Giej's Magic Scroll Shoppe.
 10110 | D:9      | Bought a scroll of identify for 28 gold pieces
 10110 | D:9      | Bought a scroll of remove curse for 42 gold pieces
 10383 | D:9      | Reached *** piety under Okawaru
 10785 | D:9      | Reached skill level 9 in Fighting
 11083 | D:9      | Found a bloodstained altar of Trog.
 11819 | D:10     | Entered Level 10 of the Dungeon
 11906 | D:10     | HP: 1/91 [troll (8)]
 12143 | D:9      | Killed from afar by a hell hound

Skill      XL: |  1  2  3  4  5  6  7  8  9 10 |
---------------+-------------------------------+-----
Stealth        | 2 3 4 6 |  6.0
Dodging        | 3 4 5 6 7 |  7.7
Fighting       | 4 5 6 7 8 9 |  9.2
Polearms       | 4 5 6 7 8 |  8.5
Bows           | 3 4 |  4.6

Action                   |  1- 3 |  4- 6 |  7- 9 | 10-12 || total
-------------------------+-------+-------+-------+-------++-------
Melee: Spear             |   184 |   132 |       |       ||   316
       Tailslap          |    16 |    23 |    69 |    39 ||   147
       Whip              |       |    72 |   542 |   262 ||   876
       Unarmed           |       |       |     9 |       ||     9
Invok: Heroism           |       |       |       |     4 ||     4
Evoke: Wand              |       |       |       |     1 ||     1
  Use: Potion            |       |       |       |     2 ||     2
 Stab: Sleeping          |     8 |     9 |    10 |     3 ||    30
       Confused          |       |       |     1 |       ||     1
       Distracted        |       |       |       |     1 ||     1
  Eat: Chunk             |     3 |     8 |    16 |     1 ||    28
       Ration            |       |       |       |     3 ||     3
Armor: Skin              |    30 |    48 |   224 |   107 ||   409
Dodge: Dodged            |   107 |   132 |   539 |   395 ||  1173
